 Dungeon Crawl Stone Soup version 0.29-a0-961-gfab03dca74 (webtiles) character file.

Game seed: 5838772288516958402

3277 Ajdolov the Cleaver (level 10, -1/81 HPs)
             Began as a Ghoul Gladiator on July 30, 2022.
             Was a Believer of Okawaru.
             Slain by a wight
             ... wielding a +0 halberd
              (6 damage)
             ... on level 8 of the Dungeon.
             The game lasted 00:12:33 (8304 turns).

Ajdolov the Cleaver (Ghoul Gladiator)               Turns: 8304, Time: 00:12:33

Health: -1/81      AC: 10    Str: 23    XL:     10   Next: 0%
Magic:  12/12      EV:  8    Int:  9    God:    Okawaru [**....]
Gold:   228        SH:  0    Dex: 10    Spells: 9/9 levels left

rFire   . . .      SeeInvis +   C - +0 battleaxe
rCold   + . .      Faith    .   (shield currently unavailable)
rNeg    + + +      Spirit   .   J - +0 chain mail
rPois   ∞          Reflect  .   c - +0 helmet
rElec   .          Harm     .   s - scarf {+Inv}
rCorr   .          Rampage  .   m - +0 pair of gloves
Will    .....                   (no boots)
Stlth   ..........              (no amulet)
HPRegen 0.00/turn               u - +6 ring of intelligence
MPRegen 0.13/turn               D - ring of see invisible

@: inhibited regen
A: claws 1, cold resistance 1, negative energy resistance 3, inhibited
regeneration, torment resistance 2, devour on kill
a: Renounce Religion, Evoke Invisibility, Heroism


You were on level 8 of the Dungeon.
You worshipped Okawaru.
Okawaru was pleased with you.
You visited 2 branches of the dungeon, and saw 9 of its levels.

You collected 292 gold pieces.
You spent 64 gold pieces at shops.

Inventory:

Hand Weapons
 C - a +0 battleaxe (weapon)
Missiles
 d - a throwing net (quivered)
 e - 7 javelins
Armour
 c - a +0 helmet (worn)
 m - a +0 pair of gloves (worn)
 s - a scarf of invisibility (worn)
 J - a +0 chain mail (worn)
Jewellery
 l - a ring of magical power
 u - a +6 ring of intelligence (left hand)
 D - a ring of see invisible (right hand)
 E - a ring of protection from cold
Wands
 w - a wand of paralysis (8)
 x - a wand of roots (10)
Scrolls
 a - 6 scrolls of identify
 f - a scroll of enchant weapon
 j - 2 scrolls of immolation
 k - 3 scrolls of teleportation
 n - a scroll of silence
 t - a scroll of magic mapping
 v - 2 scrolls of blinking
 y - a scroll of acquirement {unknown}
 z - a scroll of torment {unknown}
 B - a scroll of noise {unknown}
 F - 2 scrolls of fear {unknown}
 H - a scroll of poison {unknown}
Potions
 b - a potion of degeneration {unknown}
 g - 3 potions of mutation {unknown}
 h - 3 potions of curing
 o - 3 potions of haste {unknown}
 p - a potion of flight {unknown}
 q - 2 potions of heal wounds {unknown}
 r - 2 potions of ambrosia
 A - a potion of invisibility {unknown}
 G - a potion of attraction {unknown}
 I - a potion of magic {unknown}


   Skills:
 - Level 5.0 Fighting
 * Level 11.5 Axes
 - Level 1.7 Throwing
 - Level 2.6 Dodging
 - Level 5.0 Invocations


You had 9 spell levels left.
You didn't know any spells.
Your spell library contained the following spells:

 Spells                   Type           Power      Damage    Failure   Level
 Gell's Gravitas          Tloc           0%         N/A       100%        3
 Lesser Beckoning         Tloc           0%         N/A       100%        3
 Teleport Other           Tloc           0%         N/A       100%        3
 Chain Lightning          Conj/Air       0%         N/A       100%        9
 Fire Storm               Conj/Fire      0%         5d1       100%        9
 Shatter                  Erth           0%         3d5*      100%        9


Dungeon Overview and Level Annotations

Branches:
Dungeon (8/15)             Temple (1/1) D:6
   Lair: D:8-11

Altars:
Ashenzari
Cheibriados
Dithmenos
Fedhas
Gozag
Hepliaklqana
Kikubaaqudgha
Makhleb
Nemelex Xobeh
Okawaru
Qazlal
Ru
Sif Muna
Trog
Uskayaw
Vehumet
Wu Jian
Xom
Yredelemnul

Shops:
D:1 !   D:2 ?   D:4 ?   D:6 *   D:7 (

Annotations:
D:4 1 runed translucent door, Crazy Yiuf


Innate Abilities, Weirdness & Mutations

You are immune to poison.
You have sharp fingernails.
Your flesh is cold resistant. (rC+)
You are immune to negative energy. (rN+++)
You do not regenerate when monsters are visible.
You are immune to unholy pain and torment.
You thrive by killing the living.


Message History

You are too injured to fight recklessly!
You are too injured to fight recklessly!
You hit the wight.
The wight is lightly damaged.
Something unseen opens the door.
The wight barely misses you.
You slice the wight!!
You destroy the wight!
Okawaru accepts your kill.
You barely miss the orc wizard. The orc hits you but does no damage.
The orc wizard hits you but does no damage.
You hit the orc wizard.
The orc wizard is moderately wounded.
The wight closely misses you. The orc hits you but does no damage.
You closely miss the orc wizard.
The orc wizard is moderately wounded.
The orc hits you from afar with a +0 trident.
The wight hits you but does no damage.
The orc wizard hits you but does no damage.
You slash the orc wizard!
The orc wizard is severely wounded.
The wight hits you but does no damage.
The orc hits you from afar with a +0 trident.
You slash the orc wizard!
You kill the orc wizard!
Okawaru accepts your kill.
You feel better.
The wight hits you from afar with a +0 halberd!
The orc hits you from afar with a +0 trident.
* * * LOW HITPOINT WARNING * * *
You have reached level 10!
You feel stronger.
You slash the orc!
You kill the orc!
The orc hits you from afar with a +0 trident.
* * * LOW HITPOINT WARNING * * *
The wight hits you from afar with a +0 halberd!
* * * LOW HITPOINT WARNING * * *
The orc closely misses you.
The wight hits you from afar with a +0 halberd.
You die...

... ####+#... #......#
#......# #......#
#......# #.o....#
############o.....#
#..........@#[#####
#...........#.z......
#...........z........
#...........#........
###...........#.##..##.
#........######.# +##
#........# ..#
#........# ..#
#........#


You could see a wight, an orc wizard (invisible) and an orc.

Vanquished Creatures
  Pikel (D:7)
  Maggie (D:7)
  A steam dragon (D:6)
  3 water moccasins
  3 orc warriors
  A black bear (D:7)
  3 centaurs
  2 ogres
  2 lemures (D:7)
  A kobold brigand (D:6)
  4 scorpions
  3 necrophages
  A gnoll sergeant (D:3)
  3 wights (D:8)
  The ghost of aves the Sneak, a weakling DsDe (D:5)
  A jelly (D:6)
  2 orc priests
  5 hounds
  3 iguanas
  4 orc wizards
  6 gnolls
  4 adders
  A white imp (D:7)
  2 ufetubi (D:6)
  A worm (D:2)
  2 dart slugs
  19 orcs
  4 ball pythons
  3 endoplasms
  3 giant cockroaches
  2 hobgoblins
  2 jackals (D:5)
  12 kobolds
  3 quokkas
  7 bats
  3 frilled lizards
  7 goblins
  5 rats
131 creatures vanquished.

Notes
Turn   | Place    | Note
-------+----------+-------------------------------------------
     0 | D:1      | Ajdolov the Ghoul Gladiator began the quest for the Orb.
     0 | D:1      | Reached XP level 1. HP: 17/17 MP: 0/0
    52 | D:1      | Reached skill level 3 in Axes
    64 | D:1      | Reached XP level 2. HP: 7/24 MP: 1/1
   510 | D:1      | Found Idghot's Distillery.
   516 | D:1      | Reached XP level 3. HP: 29/29 MP: 2/2
  1078 | D:2      | Found Qema's Magic Scroll Shoppe.
  1081 | D:2      | Bought a scroll of identify for 22 gold pieces
  1081 | D:2      | Bought a scroll of identify for 22 gold pieces
  1168 | D:2      | Reached skill level 4 in Axes
  1180 | D:2      | Identified the +4 mace of Hughes {drain, rC+}
  1394 | D:2      | Found a faded altar of an unknown god.
  1779 | D:3      | Reached XP level 4. HP: 36/36 MP: 3/3
  1976 | D:3      | Found an opulent altar of Gozag.
  1989 | D:3      | Found a sacrificial altar of Ru.
  1990 | D:3      | Found a broken altar of Ashenzari.
  1991 | D:3      | Found a hide-covered altar of Uskayaw.
  1991 | D:3      | Found a bloodstained altar of Trog.
  1991 | D:3      | Found a snail-covered altar of Cheibriados.
  1996 | D:3      | Found an ornate altar of the Wu Jian Council.
  2174 | D:4      | Found a hazy altar of Hepliaklqana.
  2223 | D:4      | Noticed a gnoll sergeant
  2276 | D:3      | Killed a gnoll sergeant
  2277 | D:3      | Reached skill level 5 in Axes
  2277 | D:3      | Reached XP level 5. HP: 9/41 MP: 4/4
  2736 | D:4      | Found Riegaogu's Magic Scroll Boutique.
  2748 | D:4      | Bought a scroll of identify for 20 gold pieces
  3113 | D:4      | Found a runed translucent door.
  3114 | D:4      | Noticed Crazy Yiuf
  3245 | D:5      | Entered Level 5 of the Dungeon
  3255 | D:5      | Reached skill level 6 in Axes
  3255 | D:5      | Reached XP level 6. HP: 48/48 MP: 5/5
  3277 | D:5      | Noticed a water moccasin
  3297 | D:5      | Killed a water moccasin
  3667 | D:5      | Reached skill level 7 in Axes
  3667 | D:5      | Reached XP level 7. HP: 53/55 MP: 6/6
  3951 | D:5      | Found a runed translucent door.
  3951 | D:5      | Noticed aves's ghost (weakling DsDe)
  4165 | D:5      | Killed aves's ghost
  4324 | D:6      | Reached skill level 8 in Axes
  4345 | D:6      | Found a shimmering blue altar of Sif Muna.
  4399 | D:6      | Reached XP level 8. HP: 57/66 MP: 7/7
  4831 | D:6      | Found Surghe's Fire Supplies.
  5086 | D:6      | Found a basalt altar of Yredelemnul.
  5405 | D:6      | Found a staircase to the Ecumenical Temple.
  5412 | Temple   | Entered the Ecumenical Temple
  5420 | Temple   | Became a worshipper of Warmaster Okawaru
  5629 | D:6      | Reached skill level 5 in Fighting
  5629 | D:6      | Reached skill level 9 in Axes
  5629 | D:6      | Reached skill level 1 in Invocations
  6135 | D:7      | Noticed Maggie
  6166 | D:7      | Killed Maggie
  6166 | D:7      | Reached * piety under Okawaru
  6167 | D:7      | Reached XP level 9. HP: 15/74 MP: 8/10
  6680 | D:6      | Reached skill level 10 in Axes
  7401 | D:7      | Found Vest's Antique Weapon Shop.
  7525 | D:7      | Noticed Pikel
  7625 | D:7      | Killed Pikel
  7625 | D:7      | Reached ** piety under Okawaru
  7626 | D:7      | Reached skill level 5 in Invocations
  8056 | D:8      | Reached skill level 11 in Axes
  8304 | D:8      | Reached XP level 10. HP: 23/81 MP: 12/12
  8304 | D:8      | Slain by a wight

Illustrated notes

Levels and vault maps discovered:
D:1:      dpeg_arrival_shrine, layout_loops_corners, serial_shops,
          nicolae_shop_advertising_works [nicolae_subvault_shop_adworks],
          moated_statue
D:2:      layout_rooms, shapermc_ecumenical_altar_mp_vishouse, serial_shops,
          nicolae_shop_behind_doors, chequers_big_river
D:3:      minmay_angry_zag, layout_rooms, minitemple, glass_columns_a
D:4:      nicolae_cairo_tiling_large_dashed, layout_rooms, kennysheep_mini,
          serial_shops, shop, minmay_cut_off, uniq_crazy_yiuf_cottage
D:5:      layout_basic, gammafunk_ghost_grave
D:6:      layout_loops_corners, nicolae_overflow_squiral,
          minmay_temple_entry_mist, nicolae_shop_fire_sale
          [nicolae_sub_dead_trees]
D:7:      layout_basic, serial_shops, shop_fountains,
          hangedman_decor_clover_reticule, uniq_pikel, uniq_maggie
D:8:      layout_gridville, uniq_joseph, uniq_psyche, uniq_prince_ribbit1
Temple:   nicolae_temple_no_exploring_needed

Skill      XL: |  1  2  3  4  5  6  7  8  9 |
---------------+----------------------------+-----
Axes           | 3 4 5 6 7 8 9 11 | 11.5
Fighting       | 3 5 |  5.0
Invocations    | 3 5 |  5.0
Throwing       | |  1.7
Dodging        | |  2.6

Action                   |  1- 3 |  4- 6 |  7- 9 | 10-12 || total
-------------------------+-------+-------+-------+-------++-------
Melee: War axe           |    96 |   136 |    39 |       ||   271
       Battleaxe         |       |       |   240 |     1 ||   241
       Punch             |       |       |     1 |       ||     1
Throw: Throwing net      |       |     3 |     1 |       ||     4
       Javelin           |       |       |     1 |       ||     1
Invok: Heroism           |       |       |     2 |       ||     2
  Use: Scroll            |     4 |     4 |       |       ||     8
       Potion            |       |       |     1 |       ||     1
 Stab: Held in net/web   |       |     2 |       |       ||     2
Armor: Leather armour    |     6 |       |       |       ||     6
       Scale mail        |    51 |    68 |   105 |       ||   224
       Chain mail        |       |       |    56 |       ||    56
Dodge: Dodged            |    61 |    68 |   204 |     1 ||   334

Table legend: (Time is in decaauts)
 A = Elapsed time spent in this place.
 B = Non-inter-level travel time spent in this place.
 C = Inter-level travel time spent in this place.
 D = Time resting spent in this place.
 E = Time spent auto-exploring this place.
 F = Levels seen in this place.
 G = Mean time per level.
                   A        B        C        D        E       F      G
               +--------+--------+--------+--------+--------+-----+--------+
         Total |   8435 |   8211 |    224 |   1411 |   5387 |   9 |  937.2 |
       Dungeon |   8418 |   8201 |    217 |   1411 |   5387 |   8 | 1052.2 |
        Temple |     16 |      9 |      7 |      0 |      0 |   1 |   16.0 |
               +--------+--------+--------+--------+--------+-----+--------+

Top non-repeatable levels by time:
     D:6: 2098 daAuts
     D:7: 1619 daAuts
     D:5: 1073 daAuts
     D:1: 1068 daAuts
     D:4: 791 daAuts
     D:3: 759 daAuts
     D:2: 689 daAuts
     D:8: 317 daAuts
  Temple: 16 daAuts
